 Dungeon Crawl Stone Soup version 0.28.0-43-g3370ac3207 (webtiles) character file.

Game seed: 9938189415121752680

6692 adizb the Fighter (level 10, -3/82 HPs)
             Began as a Demonspawn Fighter on Mar 10, 2022.
             Was an Elder of Cheibriados.
             Slain by a fire elemental (7 damage)
             ... summoned by a deep elf pyromancer
             ... on level 10 of the Dungeon on Mar 11, 2022.
             The game lasted 00:43:29 (8586 turns).

adizb the Fighter (Demonspawn Fighter)              Turns: 8586, Time: 00:43:30

Health: -3/82      AC: 13    Str: 29    XL:     10   Next: 74%
Magic:  15/15      EV: 13    Int: 20    God:    Cheibriados [****..]
Gold:   854        SH: 17    Dex: 24    Spells: 9/9 levels left

rFire   . . .      SeeInvis .   a - +1 war axe (venom)
rCold   . . .      Faith    +   e - +0 tower shield
rNeg    . . .      Spirit   .   g - +0 chain mail
rPois   .          Reflect  .   (helmet restricted)
rElec   .          Harm     .   c - +0 cloak
rCorr   .          Rampage  .   r - +0 pair of gloves
Will    .....                   (no boots)
Stlth   ..........              d - amulet of faith
HPRegen 0.23/turn               m - +4 ring of evasion
MPRegen 0.14/turn               (no ring)

@: very slow
A: horns 2, ignite blood 1, spiny 1
a: Renounce Religion, Bend Time, Temporal Distortion, Slouch


You were on level 10 of the Dungeon.
You worshipped Cheibriados.
Cheibriados was greatly pleased with you.
You visited 3 branches of the dungeon, and saw 12 of its levels.

You collected 854 gold pieces.

Inventory:

Hand Weapons
 a - a +1 war axe of venom (weapon)
 i - a +0 hand axe of electrocution
 l - a +3 trident of venom
 w - a +1 whip of pain
 E - a +0 hand axe of venom
 J - a +0 battleaxe
Missiles
 s - a curare-tipped dart
 t - 5 silver boomerangs
 v - 4 atropa-tipped darts
 z - 2 poisoned darts
 C - 11 boomerangs (quivered)
 K - a boomerang of dispersal
Armour
 b - a +0 scale mail
 c - a +0 cloak (worn)
 e - a +0 tower shield (worn)
 g - a +0 chain mail (worn)
 r - a +0 pair of gloves (worn)
 F - a +0 plate armour
 I - a +2 leather armour of willpower
Jewellery
 d - an amulet of faith (around neck)
 f - an amulet of the acrobat
 m - a +4 ring of evasion (left hand)
 A - a ring of fire
Wands
 y - a wand of iceblast (23)
 G - a wand of paralysis (26)
Scrolls
 j - a scroll of magic mapping
 n - 6 scrolls of teleportation
 o - 3 scrolls of amnesia
 u - a scroll of brand weapon
Potions
 h - a potion of haste
 k - 3 potions of brilliance
 p - 2 potions of lignification {unknown}
 q - a potion of degeneration {unknown}
 x - a potion of berserk rage {unknown}
 B - 2 potions of mutation {unknown}
 D - 2 potions of heal wounds {unknown}
 H - a potion of flight {unknown}


   Skills:
 + Level 8.8 Fighting
 + Level 5.1 Axes
 + Level 8.0 Armour
 + Level 5.7 Dodging
 + Level 5.8 Shields
 * Level 7.9 Invocations


You had 9 spell levels left.
You didn't know any spells.
Your spell library contained the following spells:

 Spells                   Type           Power      Damage    Failure   Level
 Apportation              Tloc           0%         N/A       100%        1
 Magic Dart               Conj           0%         1d3       100%        1
 Slow                     Hex            0%         N/A       100%        1
 Blink                    Tloc           0%         N/A       100%        2
 Call Imp                 Summ           0%         N/A       100%        2
 Confusing Touch          Hex            0%         N/A       100%        3
 Conjure Flame            Conj/Fire      0%         6-21      100%        3
 Ignite Poison            Fire/Tmut/Pois 0%         N/A       100%        3
 Mephitic Cloud           Conj/Pois/Air  0%         N/A       100%        3
 Vampiric Draining        Necr           0%         2d6       100%        3
 Sticky Flame             Conj/Fire      0%         2d3       100%        4
 Alistair's Intoxication  Tmut/Pois      0%         N/A       100%        5
 Manifold Assault         Tloc           0%         N/A       100%        5
 Storm Form               Tmut/Air       0%         N/A       100%        7


Dungeon Overview and Level Annotations

Branches:
Dungeon (10/15)            Temple (1/1) D:5             Orc (1/2) D:9
   Lair: D:8-11

Altars:
Ashenzari
Cheibriados
Dithmenos
Elyvilon
Fedhas
Gozag
Hepliaklqana
Kikubaaqudgha
Makhleb
Nemelex Xobeh
Okawaru
Qazlal
Ru
Sif Muna
Trog
Uskayaw
Vehumet
Wu Jian
Xom
Yredelemnul
Zin
The Shining One

Shops:
D:10 *

Annotations:
Orc:1 Nergalle


Innate Abilities, Weirdness & Mutations

You have a pair of horns on your head.
Your demonic aura sometimes causes spilled blood to erupt in flames.
You are partially covered in sharp spines.


Message History

The deep elf pyromancer gestures wildly while chanting.
You see here a staff of death.
You hit the deep elf pyromancer.
The deep elf pyromancer is moderately wounded.
You slash the fire elemental! You block the fire elemental's attack.
You block the deep elf pyromancer's attack.
You closely miss the deep elf pyromancer.
Your headbutt misses the deep elf pyromancer.
The deep elf pyromancer is moderately wounded.
You slash the fire elemental!
The fire elemental is struck by your spines.
The fire elemental hits you. The fire elemental burns you!
The deep elf pyromancer mumbles some strange words.
You block the fire elemental's attack.
You block the deep elf pyromancer's attack.
The fire elemental is struck by your spines.
The fire elemental hits you. The fire elemental burns you!
You hit the deep elf pyromancer.
The deep elf pyromancer is poisoned.
Your headbutt misses the deep elf pyromancer.
The deep elf pyromancer is heavily wounded.
You closely miss the fire elemental. You block the fire elemental's attack.
The deep elf pyromancer is struck by your spines.
The deep elf pyromancer hits you but does no damage.
The fire elemental hits you. The fire elemental burns you!
You block the deep elf pyromancer's attack.
The fire elemental hits you. The fire elemental burns you!
The deep elf pyromancer casts a spell at you.
The bolt of fire hits the fire elemental.
The fire elemental completely resists.
The bolt of fire hits you!!
* * * LOW HITPOINT WARNING * * *
The fire elemental hits you. The fire elemental burns you!
* * * LOW HITPOINT WARNING * * *
You block the fire elemental's attack.
There is an open door here.
Okay, then.
Okay, then.
The fire elemental closely misses you. You block the fire elemental's attack.
The fire elemental closely misses you. The fire elemental hits you.
The fire elemental burns you!
You die...

..# #.#### .....# #########
.....############ #........
.....'.##.......####e.......
.....#..#.......##○°○...$...
....[##.#.......#EE#○°......
.....##.'.......#E##eE.."...
.....####.......@.##°.......
.....# #..(....########+###
#+##.# #.......# #.##..
###.##### .. ##.# #.# . ...
..... ## #.... .#


You could see a deep elf pyromancer (very poisoned) and 3 fire elementals.

Vanquished Creatures
  A two-headed ogre (D:10)
  A hornet (D:10)
  A wyvern (D:8)
  11 yaks
  A water moccasin (D:7)
  A sky beast (D:8)
  An ice beast (D:5)
  6 orc warriors
  A black bear (D:5)
  A necrophage (D:7)
  4 ogres
  A centaur (D:7)
  2 kobold brigands
  3 bullfrogs
  A wyvern zombie (D:6)
  A gnoll sergeant (D:6)
  A scorpion (D:5)
  3 water moccasin zombies (D:5)
  2 wights (D:5)
  2 howler monkeys
  2 bullfrog zombies
  A centaur zombie (D:5)
  A gnoll shaman (D:7)
  2 jellies
  3 centaur skeletons
  6 orc priests
  2 hounds
  A human zombie (D:5)
  3 iguanas
  19 orc wizards
  2 killer bee zombies
  A hound zombie (D:5)
  A hound skeleton (D:5)
  2 mummies (D:5)
  A howler monkey zombie (D:10)
  21 gnolls
  8 adders
  A shadow imp (D:7)
  An ufetubus (D:5)
  An adder skeleton (D:5)
  2 dart slugs
  43 orcs
  2 endoplasms
  5 giant cockroaches
  8 goblins
  4 hobgoblins
  16 jackals
  13 kobolds
  4 quokkas
  5 ball pythons
  5 bats
  3 frilled lizards (D:1)
  3 rats
237 creatures vanquished.

Vanquished Creatures (others)
  Maurice (D:9)
  3 plants (D:2)
4 creatures vanquished.

Grand Total: 241 creatures vanquished

Notes
Turn   | Place    | Note
-------+----------+-------------------------------------------
     0 | D:1      | adizb the Demonspawn Fighter began the quest for the Orb.
     0 | D:1      | Reached XP level 1. HP: 18/18 MP: 1/1
   157 | D:1      | Gained mutation: Your demonic aura sometimes causes spilled
                  | blood to erupt in flames. [demonic ancestry]
   157 | D:1      | Reached XP level 2. HP: 24/24 MP: 2/2
   670 | D:2      | Reached XP level 3. HP: 20/29 MP: 3/3
   755 | D:2      | Reached skill level 1 in Dodging
   932 | D:2      | Reached XP level 4. HP: 37/37 MP: 4/4
  1502 | D:3      | Found a faded altar of an unknown god.
  1530 | D:3      | Noticed an ogre
  1868 | D:2      | Gained mutation: You have a pair of small horns on your
                  | head. [demonic ancestry]
  1868 | D:2      | Reached XP level 5. HP: 8/42 MP: 5/5
  2580 | D:4      | You fall into a shaft and drop 2 floors!
  2627 | D:6      | Reached XP level 6. HP: 14/50 MP: 6/6
  2720 | D:6      | Reached skill level 5 in Fighting
  2928 | D:5      | Entered Level 5 of the Dungeon
  2928 | D:5      | Noticed an ice beast
  2936 | D:5      | Killed an ice beast
  2937 | D:5      | Gained mutation: You are partially covered in sharp spines.
                  | [demonic ancestry]
  2937 | D:5      | Reached XP level 7. HP: 21/56 MP: 7/7
  2943 | D:5      | Noticed a fire elemental
  2980 | D:5      | Reached skill level 5 in Armour
  3753 | D:5      | Reached XP level 8. HP: 13/64 MP: 8/8
  3849 | D:5      | Found a staircase to the Ecumenical Temple.
  3863 | Temple   | Entered the Ecumenical Temple
  4328 | Temple   | Became a worshipper of Cheibriados the Contemplative
  4390 | D:5      | Found a stormy altar of Qazlal.
  4393 | D:5      | Noticed an air elemental
  4469 | D:5      | Found an ancient bone altar of Kikubaaqudgha.
  4561 | D:5      | Reached * piety under Cheibriados
  4729 | D:5      | Found a basalt altar of Yredelemnul.
  4937 | D:6      | Reached skill level 1 in Invocations
  5498 | D:7      | Reached ** piety under Cheibriados
  5674 | D:7      | Gained mutation: You have a pair of horns on your head.
                  | [demonic ancestry]
  5674 | D:7      | Reached XP level 9. HP: 45/72 MP: 8/10
  6371 | D:8      | Reached *** piety under Cheibriados
  6913 | D:9      | Noticed Maurice
  6937 | D:9      | Killed Maurice
  6938 | D:9      | Reached skill level 5 in Shields
  6938 | D:9      | Reached skill level 5 in Invocations
  7038 | D:9      | Reached skill level 5 in Dodging
  7040 | D:9      | Reached XP level 10. HP: 47/80 MP: 12/14
  7128 | D:9      | Found a sacrificial altar of Ru.
  7330 | D:9      | Found a radiant altar of Vehumet.
  7400 | D:9      | Found an ornate altar of the Wu Jian Council.
  7509 | D:9      | Found a staircase to the Orcish Mines.
  7772 | Orc:1    | Entered Level 1 of the Orcish Mines
  7838 | Orc:1    | Reached **** piety under Cheibriados
  7937 | Orc:1    | Noticed Nergalle
  8227 | D:10     | Entered Level 10 of the Dungeon
  8249 | D:10     | Noticed a two-headed ogre
  8254 | D:10     | Killed a two-headed ogre
  8264 | D:10     | Reached skill level 5 in Axes
  8384 | D:10     | Found Zin's Purification Station.
  8578 | D:10     | Noticed a deep elf pyromancer
  8583 | D:10     | HP: 3/82 [fire elemental[a deep elf pyromancer] (8)]
  8586 | D:10     | Slain by a fire elemental

Illustrated notes

Levels and vault maps discovered:
D:1:      dpeg_arrival_line_fractal, layout_basic, st_stairs_7,
          minmay_misc_feat_rows
D:2:      layout_basic, serial_bayou_pond_a, nrook_mini_vaults
D:3:      layout_rooms, hellmonk_ecumenical_altar_arch_garden,
          minmay_crystal_room, minmay_pentomino_pile
D:4:      layout_gridville, hangedman_decor_slide_cut
D:5:      layout_cave_pools, old_standard_altar,
          nicolae_qazlal_style_of_elements,
          lemuel_mausoleum_altar_kikubaaqudgha, minmay_temple_entry_offerings,
          st_stairs_10
D:6:      layout_loops_ring
D:7:      layout_basic
D:8:      layout_gridville, lemuel_coloured_pillars_altar
D:9:      layout_stronghold, old_standard_altar, mainiacjoe_overflow_boulevard,
          fiery_altar_vehumet, orc_0_dummy, serial_column_ruins,
          column_ruins_hut_water, column_ruins_open_small, column_ruins_grid_1,
          column_ruins_open_tiny, column_ruins_open_tiny,
          column_ruins_columns_straight, column_ruins_columns_corner,
          uniq_maurice
D:10:     layout_roguey, zin_purify, uniq_sonja
Temple:   minmay_temple_curvy_branch
Orc:1:    layout_caves, hellmonk_guarded_unrand_dark_maul, uniq_nergalle

Skill      XL: |  1  2  3  4  5  6  7  8  9 10 |
---------------+-------------------------------+-----
Armour         | 3 4 5 6 7 8 |  8.0
Dodging        | 1 2 3 4 5 |  5.7
Fighting       | 4 5 6 7 8 |  8.8
Axes           | 2 3 4 5 |  5.1
Shields        | 3 4 5 |  5.8
Invocations    | 1 5 7 |  7.9

Action                   |  1- 3 |  4- 6 |  7- 9 | 10-12 || total
-------------------------+-------+-------+-------+-------++-------
Melee: War axe           |   106 |   157 |   278 |    79 ||   620
       Headbutt          |       |    14 |    67 |    29 ||   110
Throw: Dart              |       |     2 |     2 |     2 ||     6
       Boomerang         |       |       |     4 |     4 ||     8
Invok: Bend Time         |       |       |     2 |       ||     2
       Temporal Distorti |       |       |       |     1 ||     1
  Use: Scroll            |       |     3 |     9 |     2 ||    14
       Potion            |       |     2 |     2 |     2 ||     6
Armor: Scale mail        |    17 |       |       |       ||    17
       Chain mail        |    57 |    87 |   123 |    45 ||   312
Dodge: Dodged            |    41 |    90 |    89 |    36 ||   256
Block: Buckler           |    28 |    16 |       |       ||    44
       Tower shield      |       |    72 |   243 |    85 ||   400
